 Dungeon Crawl Stone Soup version 0.26.1-11-gd32895ea62 (webtiles) character file.

Game seed: 18068866751476297975

79 Zeld the Twirler (level 4, -2/29 HPs)
             Began as an Octopode Gladiator on May 20, 2021.
             Slain by a hobgoblin (3 damage)
             ... led by Robin
             ... on level 3 of the Dungeon.
             The game lasted 00:02:21 (2507 turns).

Zeld the Twirler (Octopode Gladiator)               Turns: 2507, Time: 00:02:22

Health: -2/29      AC:  1    Str: 13    XL:     4   Next: 37%
Magic:  4/4        EV: 14    Int: 10    God:
Gold:   107        SH:  0    Dex: 14    Spells: 3/3 levels left

rFire    + . .     SeeInvis .   a - +0 quarterstaff
rCold    . . .     Faith    .   (shield currently unavailable)
rNeg     . . .     Spirit   .   b - +0 hat
rPois    .         Reflect  .   (no amulet)
rElec    .         Harm     .   (no ring)
rCorr    .         Rampage  .   h - ring of protection from fire
Will     .....                  (no ring)
Stlth    ++........             (no ring)
HPRegen  0.09/turn              (no ring)
MPRegen  0.09/turn              (no ring)
                                (no ring)
                                (no ring)

@: no status effects
A: almost no armour, stealthy swim, amphibious, 8 rings, constrict 8, camouflage
1, gelatinous body 1
a: no special abilities


You were on level 3 of the Dungeon.
You visited 1 branch of the dungeon, and saw 3 of its levels.

You collected 107 gold pieces.

Inventory:

Hand Weapons
 a - a +0 quarterstaff (weapon)
Missiles
 c - 3 throwing nets (quivered)
Armour
 b - a +0 hat (worn)
Jewellery
 h - a ring of protection from fire (right tentacle)
Scrolls
 f - 2 scrolls of teleportation {unknown}
 g - 3 scrolls of remove curse {unknown}
 j - a scroll of enchant weapon {unknown}
 o - a scroll of immolation {unknown}
 p - a scroll of noise {unknown}
Potions
 d - 2 potions of might {unknown}
 e - a potion of heal wounds {unknown}
 i - a potion of flight {unknown}
 k - 2 potions of berserk rage {unknown}
 l - a potion of ambrosia {unknown}
 m - a potion of haste {unknown}
 n - a potion of lignification {unknown}
 q - a potion of magic {unknown}


   Skills:
 - Level 2.0 Fighting
 * Level 5.0 Staves
 - Level 2.0 Throwing
 - Level 3.0 Dodging


You had 3 spell levels left.
You didn't know any spells.
Your spell library contained the following spells:

 Spells                   Type           Power        Failure   Level
 Beastly Appendage        Tmut           0%           36%         1
 Wereblood                Tmut           0%           50%         2
 Spider Form              Tmut/Pois      0%           75%         3
 Ice Form                 Ice/Tmut       0%           98%         4
 Blade Hands              Tmut           0%           100%        5


Dungeon Overview and Level Annotations

Branches:
Dungeon (3/15)

Altars:
Makhleb
Qazlal

Annotations:
D:3 Robin


Innate Abilities, Weirdness & Mutations

You cannot wear most types of armour.
You are very stealthy in the water. (Stealth+)
You are amphibious.
You can wear up to eight rings at the same time.
You can use your tentacles to constrict eight enemies at once.
Your skin changes colour to match your surroundings (Stealth+).
Your rubbery body absorbs attacks. (AC +1, EV +1)


Message History

The goblin hits you with a +0 dagger.
Robin roars a battlecry!
The goblins go into a battle-frenzy!
The hobgoblin hits you with a +0 club. The goblin hits you with a +0 club.
The goblin barely misses you.
You hit the goblin but do no damage.
You squeeze the goblin, but do no damage.
The goblin is heavily wounded.
You constrict the goblin. The hobgoblin closely misses you.
Robin throws the goblin at you! The goblin barely misses you. x2
The goblin misses you. The goblin hits you with a +0 club.
The hobgoblin hits you with a +0 club.
You release your grip on the goblin.
The goblin hits you.
* * * LOW HITPOINT WARNING * * *
Robin throws the goblin at you!
* * * LOW HITPOINT WARNING * * *
The goblin closely misses you. The goblin hits you.
* * * LOW HITPOINT WARNING * * *
The hobgoblin hits you.
You die...

##### #...#
###>..###
####.......#
..>.....g..#
#..ggg..#
#g@g#


#ggg# ..gg.g. ####.#g## #.#.# #.#.# #.# # #.# You could see Robin, 4 hobgoblins
and 8 goblins.

Vanquished Creatures
  2 adders (D:2)
  An ooze (D:2)
  A worm (D:2)
  A dart slug (D:1)
  2 giant cockroaches
  7 goblins
  9 hobgoblins
  3 jackals (D:1)
  2 ball pythons (D:1)
  6 bats
  4 frilled lizards
  7 kobolds
  6 rats
51 creatures vanquished.

Notes
Turn   | Place    | Note
-------+----------+-------------------------------------------
     0 | D:1      | Zeld the Octopode Gladiator began the quest for the Orb.
     0 | D:1      | Reached XP level 1. HP: 14/14 MP: 1/1
   391 | D:1      | Reached XP level 2. HP: 14/19 MP: 2/2
   831 | D:1      | Reached skill level 4 in Staves
   838 | D:1      | Reached XP level 3. HP: 9/24 MP: 3/3
  1658 | D:2      | Found a stormy altar of Qazlal.
  1764 | D:2      | Reached XP level 4. HP: 27/29 MP: 4/4
  1952 | D:2      | Reached skill level 5 in Staves
  2084 | D:2      | Found a burning altar of Makhleb.
  2504 | D:3      | Noticed Robin
  2507 | D:3      | HP: 1/29 [goblin[Robin] (3)]
  2507 | D:3      | Slain by a hobgoblin

Illustrated notes

Levels and vault maps discovered:
D:1:      scummos_arrival_gate, layout_basic, minmay_shallow_snake_nest
D:2:      layout_loops_ring, old_standard_altar, grunt_qazlal_sundering
D:3:      layout_loops_ring, grunt_temple_overflow_holy_war,
          makhleb_heckhound_becter, uniq_crazy_yiuf_cottage, uniq_sigmund,
          uniq_natasha, uniq_robin

Skill      XL: |  1  2  3  4 |
---------------+-------------+-----
Staves         | 4 5 |  5.0
Fighting       | |  2.0
Throwing       | |  2.0
Dodging        | |  3.0

Action                   |  1- 3 |  4- 6 || total
-------------------------+-------+-------++-------
Melee: Quarterstaff      |    74 |    26 ||   100
       Constrict         |    19 |     3 ||    22
       Tentacles         |    11 |     5 ||    16
 Stab: Sleeping          |     4 |     2 ||     6
Armor: Skin              |     6 |     1 ||     7
Dodge: Dodged            |    49 |    29 ||    78
